TOP OF THE 1ST |
Los Angeles Dodgers batting - Pitching for Philadelphia Phillies : RHP Buzz Capra
|
Pitching: RHP Buzz Capra
|
|
Batting: RHB Carney Lansford
|
0-0: Called Strike 0-1: Ground out 6-3 (Groundball, 56, EV 88.1 MPH)
|
Batting: SHB Spike Owen
|
0-0: Ball 1-0: Ground out 6-3 (Groundball, 6, EV 85.0 MPH)
|
Batting: RHB Jerry Keller
|
0-0: Ball 1-0: Foul Ball, location: 2F 1-1: Ball 2-1: Fly out, F9 (Flyball, 9, EV 92.5 MPH)
|
Top of the 1st over - 0 runs, 0 hits, 0 errors, 0 left on base; Los Angeles 0 - Philadelphia 0 |
BOTTOM OF THE 1ST |
Philadelphia Phillies batting - Pitching for Los Angeles Dodgers : LHP Dave Righetti
|
Pitching: LHP Dave Righetti
|
|
Batting: RHB Andy Ramirez
|
0-0: Ball 1-0: Ground out 6-3 (Groundball, 6, EV 81.9 MPH)
|
Batting: RHB Paul Molitor
|
0-0: Ball 1-0: Ball 2-0: SINGLE (Flyball, 6D, EV 94.4 MPH)
|
Batting: LHB Tony Gwynn
|
0-0: Ball 1-0: Foul Ball, location: 2F 1-1: Ball 2-1: Swinging Strike 2-2: Strikes out swinging
|
Batting: RHB Candy Maldonado
|
0-0: Ball Paul Molitor steals 2nd base 1-0: Ball 2-0: Fly out, F9 (Flyball, 9D, EV 94.4 MPH)
|
Bottom of the 1st over - 0 runs, 1 hit, 0 errors, 1 left on base; Los Angeles 0 - Philadelphia 0 |
TOP OF THE 2ND |
Los Angeles Dodgers batting - Pitching for Philadelphia Phillies : RHP Buzz Capra
|
Batting: RHB Dick Davis
|
0-0: Ground out 6-3 (Groundball, 6, EV 83.8 MPH)
|
Batting: SHB Chris W Smith
|
0-0: Ball 1-0: Ball 2-0: Foul Ball, location: 2F 2-1: SINGLE (Line Drive, 6D, EV 98.1 MPH)
|
Batting: LHB Darren Daulton
|
0-0: Ball 1-0: Called Strike 1-1: Ball 2-1: Ball 3-1: Foul Ball, location: 2F 3-2: Base on Balls Chris W Smith to second
|
Batting: LHB Ronald Jackson
|
0-0: Called Strike 0-1: Foul Ball, location: 2F 0-2: Strikes out swinging
|
Batting: RHB Toby Harrah
|
0-0: Called Strike 0-1: SINGLE (Groundball, 56S, EV 68.8 MPH) (infield hit) Chris W Smith to third Darren Daulton to second
|
Batting: LHB Dave Righetti
|
0-0: Ball 1-0: Foul Ball, location: 2F 1-1: Ball 2-1: Swinging Strike 2-2: Strikes out swinging
|
Top of the 2nd over - 0 runs, 2 hits, 0 errors, 3 left on base; Los Angeles 0 - Philadelphia 0 |
BOTTOM OF THE 2ND |
Philadelphia Phillies batting - Pitching for Los Angeles Dodgers : LHP Dave Righetti
|
Batting: LHB Ken Phelps
|
0-0: Called Strike 0-1: Fly out, F8 (Flyball, 8RD, EV 88.8 MPH)
|
Batting: RHB Andre Dawson
|
0-0: Hit by Pitch
|
Batting: LHB Lou Whitaker
|
0-0: Ball 1-0: Swinging Strike 1-1: Ball 2-1: Ball 3-1: Fly out, F3 (Popup, 23, EV 85.6 MPH)
|
Batting: RHB Mike Diaz
|
0-0: Called Strike 0-1: Swinging Strike 0-2: Foul Ball, location: 2F 0-2: Fly out, F3 (Popup, 3SF, EV 81.3 MPH)
|
Bottom of the 2nd over - 0 runs, 0 hits, 0 errors, 1 left on base; Los Angeles 0 - Philadelphia 0 |
TOP OF THE 3RD |
Los Angeles Dodgers batting - Pitching for Philadelphia Phillies : RHP Buzz Capra
|
Batting: RHB Carney Lansford
|
0-0: SINGLE (Flyball, 3D, EV 97.5 MPH)
|
Batting: SHB Spike Owen
|
0-0: Swinging Strike 0-1: Ball Carney Lansford steals 2nd base 1-1: Foul Ball, location: 2F 1-2: Foul Ball, location: 2F 1-2: DOUBLE (Line Drive, 78XD, EV 107.5 MPH) Carney Lansford scores
|
Batting: RHB Jerry Keller
|
0-0: Ball 1-0: Ball 2-0: Fly out, F8 (Flyball, 8LS, EV 83.8 MPH)
|
Batting: RHB Dick Davis
|
0-0: Ball 1-0: Ball 2-0: Foul Ball, location: 2F 2-1: Ball 3-1: Base on Balls
|
Batting: SHB Chris W Smith
|
0-0: Called Strike Spike Owen steals 3rd base 0-1: Ball 1-1: Called Strike 1-2: Grounds into double play, 5-4-3 (Groundball, 56, EV 80.0 MPH)
|
Top of the 3rd over - 1 run, 2 hits, 0 errors, 1 left on base; Los Angeles 1 - Philadelphia 0 |
BOTTOM OF THE 3RD |
Philadelphia Phillies batting - Pitching for Los Angeles Dodgers : LHP Dave Righetti
|
Batting: RHB Buzz Capra
|
0-0: Called Strike 0-1: Ball 1-1: Ball 2-1: Foul Ball, location: 2F 2-2: Strikes out swinging
|
Batting: RHB Andy Ramirez
|
0-0: Foul Ball, location: 2F 0-1: Foul Ball, location: 2F 0-2: Ground out 6-3 (Groundball, 6, EV 88.8 MPH)
|
Batting: RHB Paul Molitor
|
0-0: SINGLE (Line Drive, 56D, EV 103.8 MPH)
|
Batting: LHB Tony Gwynn
|
0-0: Ball 1-0: Ball 2-0: Called Strike 2-1: Ball 3-1: Called Strike 3-2: Ground out U3 (Groundball, 3, EV 107.5 MPH)
|
Bottom of the 3rd over - 0 runs, 1 hit, 0 errors, 1 left on base; Los Angeles 1 - Philadelphia 0 |
TOP OF THE 4TH |
Los Angeles Dodgers batting - Pitching for Philadelphia Phillies : RHP Buzz Capra
|
Batting: LHB Darren Daulton
|
0-0: SINGLE (Groundball, 4M, EV 101.3 MPH) (infield hit)
|
Batting: LHB Ronald Jackson
|
0-0: Called Strike 0-1: Ball Wild Pitch! Darren Daulton to second 1-1: Ball 2-1: Fly out, F8 (Line Drive, 8LD, EV 98.1 MPH)
|
Batting: RHB Toby Harrah
|
0-0: Ball 1-0: Ball Darren Daulton steals 3rd base 2-0: Called Strike 2-1: Called Strike 2-2: Foul Ball, location: 2F 2-2: Ball 3-2: Foul Ball, location: 2F 3-2: Ground out 5-3 (Groundball, 56, EV 98.1 MPH) Darren Daulton scores
|
Batting: LHB Dave Righetti
|
0-0: Ball 1-0: Ball 2-0: Ball 3-0: Base on Balls
|
Batting: RHB Carney Lansford
|
0-0: Called Strike 0-1: Called Strike 0-2: Ball 1-2: Foul Ball, location: 2F 1-2: Strikes out looking
|
Top of the 4th over - 1 run, 1 hit, 0 errors, 1 left on base; Los Angeles 2 - Philadelphia 0 |
BOTTOM OF THE 4TH |
Philadelphia Phillies batting - Pitching for Los Angeles Dodgers : LHP Dave Righetti
|
Batting: RHB Candy Maldonado
|
0-0: Ground out 4-3 (Groundball, 4, EV 104.4 MPH)
|
Batting: LHB Ken Phelps
|
0-0: Ball 1-0: Ball 2-0: Foul Ball, location: 2F 2-1: Foul Ball, location: 2F 2-2: Foul Ball, location: 2F 2-2: Foul Ball, location: 2F 2-2: Ball 3-2: Ground out 5-3 (Groundball, 56, EV 84.4 MPH)
|
Batting: RHB Andre Dawson
|
0-0: Called Strike 0-1: DOUBLE (Groundball, 5L, EV 101.9 MPH)
|
Batting: LHB Lou Whitaker
|
0-0: Ground out U3 (Groundball, 34, EV 100.6 MPH)
|
Bottom of the 4th over - 0 runs, 1 hit, 0 errors, 1 left on base; Los Angeles 2 - Philadelphia 0 |
TOP OF THE 5TH |
Los Angeles Dodgers batting - Pitching for Philadelphia Phillies : RHP Buzz Capra
|
Batting: SHB Spike Owen
|
0-0: Ground out 6-3 (Groundball, 6, EV 79.4 MPH)
|
Batting: RHB Jerry Keller
|
0-0: Foul Ball, location: 2F 0-1: Ball 1-1: Fly out, F7 (Flyball, 7LS, EV 80.6 MPH)
|
Batting: RHB Dick Davis
|
0-0: Ball 1-0: Ball 2-0: Ball 3-0: Called Strike 3-1: Foul Ball, location: 2F 3-2: Foul Ball, location: 2F 3-2: Foul Ball, location: 2F 3-2: Fly out, F9 (Flyball, 9LS, EV 84.4 MPH)
|
Top of the 5th over - 0 runs, 0 hits, 0 errors, 0 left on base; Los Angeles 2 - Philadelphia 0 |
BOTTOM OF THE 5TH |
Philadelphia Phillies batting - Pitching for Los Angeles Dodgers : LHP Dave Righetti
|
Batting: RHB Mike Diaz
|
0-0: Foul Ball, location: 2F 0-1: Ground out 6-3 (Groundball, 6M, EV 103.8 MPH)
|
Batting: RHB Buzz Capra
|
0-0: Ball 1-0: Foul Ball, location: 2F 1-1: Ball 2-1: Ball 3-1: Ground out U3 (Groundball, 34, EV 80.6 MPH)
|
Batting: RHB Andy Ramirez
|
0-0: Ball 1-0: Foul Ball, location: 2F 1-1: Ball 2-1: Swinging Strike 2-2: Ball 3-2: Base on Balls
|
Batting: RHB Paul Molitor
|
0-0: Called Strike 0-1: Ball 1-1: Ball 2-1: Ground out 5-3 (Groundball, 56S, EV 76.3 MPH)
|
Bottom of the 5th over - 0 runs, 0 hits, 0 errors, 1 left on base; Los Angeles 2 - Philadelphia 0 |
TOP OF THE 6TH |
Los Angeles Dodgers batting - Pitching for Philadelphia Phillies : RHP Buzz Capra
|
Batting: SHB Chris W Smith
|
0-0: Ball 1-0: Foul Ball, location: 2F 1-1: SINGLE (Groundball, 4MD, EV 94.4 MPH)
|
Batting: LHB Darren Daulton
|
0-0: Ball 1-0: Fielders Choice at 2nd, 4-6 (Groundball, 4, EV 93.1 MPH)
|
Batting: LHB Ronald Jackson
|
0-0: Ball 1-0: Ball 2-0: Ball 3-0: Called Strike 3-1: Called Strike 3-2: DOUBLE (Line Drive, 9LM, EV 106.3 MPH) Darren Daulton to third Darren Daulton scores
|
Batting: RHB Toby Harrah
|
0-0: Called Strike 0-1: Ball 1-1: SINGLE (Groundball, 56D, EV 98.1 MPH) Ronald Jackson to third Runner from 3rd tries for Home, SAFE, throw by LF to home
|
Batting: LHB Dave Righetti
|
0-0: Called Strike 0-1: Ball 1-1: Bunted foul 1-2: Sac Bunt to 3S - play at first, batter OUT! 3-1 Toby Harrah to second
|
Batting: RHB Carney Lansford
|
0-0: Fly out, F7 (Flyball, 7S, EV 85.0 MPH)
|
Top of the 6th over - 2 runs, 3 hits, 0 errors, 1 left on base; Los Angeles 4 - Philadelphia 0 |
BOTTOM OF THE 6TH |
Philadelphia Phillies batting - Pitching for Los Angeles Dodgers : LHP Dave Righetti
|
Batting: LHB Tony Gwynn
|
0-0: Foul Ball, location: 2F 0-1: Foul Ball, location: 2F 0-2: Foul Ball, location: 2F 0-2: Ball 1-2: Ground out 5-3 (Groundball, 5, EV 91.9 MPH)
|
Batting: RHB Candy Maldonado
|
0-0: Ball 1-0: Ball 2-0: Swinging Strike 2-1: Ball 3-1: Ground out 5-3 (Groundball, 56, EV 98.8 MPH)
|
Batting: LHB Ken Phelps
|
0-0: Ball 1-0: Called Strike 1-1: Foul Ball, location: 2F 1-2: Foul Ball, location: 2F 1-2: SINGLE (Groundball, P, EV 82.5 MPH) (infield hit)
|
Batting: RHB Andre Dawson
|
0-0: Swinging Strike 0-1: Foul Ball, location: 2F 0-2: Foul Ball, location: 2F 0-2: Ball 1-2: Ball 2-2: SINGLE (Groundball, 6D, EV 103.1 MPH) Ken Phelps to second
|
Batting: LHB Lou Whitaker
|
0-0: DOUBLE (Line Drive, 5D, EV 95.0 MPH) Ken Phelps scores Andre Dawson to third Runner from 3rd tries for Home, SAFE, no throw by LF
|
Batting: RHB Mike Diaz
|
0-0: Ball 1-0: Ball 2-0: Called Strike 2-1: Foul Ball, location: 2F 2-2: Fly out, F7 (Line Drive, 7, EV 100.0 MPH)
|
Bottom of the 6th over - 2 runs, 3 hits, 0 errors, 1 left on base; Los Angeles 4 - Philadelphia 2 |
TOP OF THE 7TH |
Los Angeles Dodgers batting - Pitching for Philadelphia Phillies : RHP Buzz Capra
|
Batting: SHB Spike Owen
|
0-0: Fly out, F6 (Line Drive, 6, EV 63.1 MPH)
|
Batting: RHB Jerry Keller
|
0-0: Ball 1-0: Ball 2-0: Ball 3-0: Base on Balls
|
Batting: RHB Dick Davis
|
0-0: Ball 1-0: Foul Ball, location: 2F 1-1: Foul Ball, location: 2F 1-2: Ball 2-2: Ball 3-2: Ground out 6-3 (Groundball, P, EV 86.3 MPH) Jerry Keller to second
|
Batting: SHB Chris W Smith
|
0-0: Fly out, F8 (Flyball, 8LM, EV 87.5 MPH)
|
Top of the 7th over - 0 runs, 0 hits, 0 errors, 1 left on base; Los Angeles 4 - Philadelphia 2 |
BOTTOM OF THE 7TH |
Philadelphia Phillies batting - Pitching for Los Angeles Dodgers : LHP Dave Righetti
|
Batting: RHB Buzz Capra
|
0-0: Ball 1-0: Fly out, F4 (Line Drive, 4, EV 68.1 MPH)
|
Batting: RHB Andy Ramirez
|
0-0: Swinging Strike 0-1: Ground out 5-3 (Groundball, 5, EV 104.4 MPH)
|
Batting: RHB Paul Molitor
|
0-0: Ball 1-0: Foul Ball, location: 2F 1-1: Ball 2-1: Foul Ball, location: 2F 2-2: Foul Ball, location: 2F 2-2: Ball 3-2: SINGLE (Line Drive, 78S, EV 103.1 MPH)
|
Batting: LHB Tony Gwynn
|
0-0: Called Strike Paul Molitor steals 2nd base (no throw) 0-1: Swinging Strike 0-2: Ball 1-2: Ground out 4-3 (Groundball, 4, EV 81.3 MPH)
|
Bottom of the 7th over - 0 runs, 1 hit, 0 errors, 1 left on base; Los Angeles 4 - Philadelphia 2 |
TOP OF THE 8TH |
Los Angeles Dodgers batting - Pitching for Philadelphia Phillies : RHP Buzz Capra
|
Batting: LHB Darren Daulton
|
0-0: Ball 1-0: Fly out, F7 (Flyball, 78S, EV 84.4 MPH)
|
Batting: LHB Ronald Jackson
|
0-0: Called Strike 0-1: Ball 1-1: Called Strike 1-2: Foul Ball, location: 2F 1-2: Fly out, F9 (Flyball, 9S, EV 85.6 MPH)
|
Batting: RHB Toby Harrah
|
0-0: Ball 1-0: Ball 2-0: Foul Ball, location: 2F 2-1: SOLO HOME RUN (Line Drive, 78XD, EV 99.4 MPH), Distance : 402 ft
|
Batting: LHB Dave Righetti
|
0-0: Ball 1-0: Foul Ball, location: 2F 1-1: Foul Ball, location: 2F 1-2: Ball 2-2: Strikes out looking
|
Top of the 8th over - 1 run, 1 hit, 0 errors, 0 left on base; Los Angeles 5 - Philadelphia 2 |
BOTTOM OF THE 8TH |
Philadelphia Phillies batting - Pitching for Los Angeles Dodgers : LHP Dave Righetti
|
Batting: RHB Candy Maldonado
|
0-0: Swinging Strike 0-1: Foul Ball, location: 2F 0-2: Ball 1-2: Ball 2-2: Fly out, F9 (Flyball, 9LM, EV 90.6 MPH)
|
Batting: LHB Ken Phelps
|
0-0: Called Strike 0-1: Ball 1-1: Ball 2-1: Called Strike 2-2: Ball 3-2: SOLO HOME RUN (Flyball, 9D, EV 97.5 MPH), Distance : 367 ft
|
Batting: RHB Andre Dawson
|
0-0: Ball 1-0: SINGLE (Flyball, 7S, EV 84.4 MPH)
|
Batting: LHB Lou Whitaker
|
0-0: Ball 1-0: Foul Ball, location: 2F 1-1: Fly out, F7 (Flyball, 7LS, EV 71.3 MPH)
|
Batting: RHB Mike Diaz
|
0-0: Ball 1-0: Ball 2-0: Foul Ball, location: 2F 2-1: Ball 3-1: SINGLE (Line Drive, 7S, EV 110.0 MPH) Andre Dawson to second Runner from 2nd tries for 3rd, SAFE, throw by LF made to third
|
Pinch Hitting: RHB Jody Davis
|
0-0: Ball 1-0: Ground out 4-3 (Groundball, 4, EV 83.1 MPH)
|
Bottom of the 8th over - 1 run, 3 hits, 0 errors, 2 left on base; Los Angeles 5 - Philadelphia 3 |
TOP OF THE 9TH |
Los Angeles Dodgers batting - Pitching for Philadelphia Phillies : RHP Buzz Capra
|
Pitching: RHP Tom Hume
|
|
Batting: RHB Carney Lansford
|
0-0: Ground out 3-1 (Groundball, 34, EV 81.3 MPH)
|
Batting: SHB Spike Owen
|
0-0: Ball 1-0: SINGLE (Groundball, 6MD, EV 107.5 MPH)
|
Batting: RHB Jerry Keller
|
0-0: Called Strike 0-1: Ball 1-1: Fly out, F8 (Flyball, 8RS, EV 95.0 MPH)
|
Batting: RHB Dick Davis
|
0-0: Called Strike Spike Owen is caught stealing 2nd base 2-4
|
Top of the 9th over - 0 runs, 1 hit, 0 errors, 0 left on base; Los Angeles 5 - Philadelphia 3 |
BOTTOM OF THE 9TH |
Philadelphia Phillies batting - Pitching for Los Angeles Dodgers : LHP Dave Righetti
|
Now in CF: John Almon
|
|
Batting: RHB Andy Ramirez
|
0-0: Ball 1-0: Ball 2-0: Ground out U3 (Groundball, 34, EV 86.9 MPH)
|
Batting: RHB Paul Molitor
|
0-0: SINGLE (Line Drive, 7LS, EV 96.9 MPH)
|
Batting: LHB Tony Gwynn
|
0-0: Foul Ball, location: 2F 0-1: Ball 1-1: Ball 2-1: Called Strike 2-2: Grounds into double play, 4-6-3 (Groundball, 4M, EV 108.8 MPH)
|
Bottom of the 9th over - 0 runs, 1 hit, 0 errors, 0 left on base; Los Angeles 5 - Philadelphia 3 |
|